Map: Dreamcatcher LE

Players

Rail

  • Race: Protoss Protoss
  • League: Master
  • Spawn Location: 11:00

ShoWTimE - Winner!

  • Race: Protoss Protoss
  • Spawn Location: 5:00

Event: HomeStory Cup XVIII

VOD

Have the link to the VOD?

Description

Time

  • Played on: Nov. 22, 2018, 12:22 p.m.
  • Length: 6:37

All games in this series

Show
View Real Time Build Order
Export as new Build Order

Rail Protoss 

Build Orders: Phoenix Opening 

Get SALT Encoding   

  12  0:00  Probe  
  13  0:13  Probe  
  14  0:17  Pylon  
  14  0:24  Probe  
  15  0:32  Probe  
  15  0:37  Gateway  
  15  0:40  Probe  
  16  0:46  Assimilator  
  17  0:50  Probe  
  17  0:55  Assimilator  
  18  0:58  Probe  
  19  1:07  Probe  
  19  1:08  Gateway  
  20  1:18  Probe  
  20  1:24  Cybernetics Core  
  21  1:30  Probe  
  22  1:35  Pylon  
  22  1:42  Probe  
  23  1:54  Probe  
  23  2:00  Stalker  
  23  2:01  Sentry, Warp Gate  
  28  2:06  Pylon  
  28  2:07  Probe  
  29  2:19  Probe  
  30  2:30  Stalker  
  30  2:32  Stalker  
  34  2:46  Stargate  
  34  2:58  Nexus  
  34  3:06  Stalker  
  34  3:12  Stalker  
  38  3:17  Pylon  
  38  3:27  Phoenix  
  38  3:34  Pylon  
  38  3:38  Probe  
  41  3:45  Phoenix  
  43  3:55  Gateway  
  43  4:05  Phoenix  
  43  4:10  Zealot  
  47  4:17  Stalker  
  49  4:28  Stalker  
  51  4:35  Stalker  
  53  4:45  Stalker  
  51  4:46  Probe  
  51  4:47  Probe  
  49  4:55  Stalker  
  49  4:56  Stalker  
  49  4:58  Probe  
  47  5:00  Probe  
  41  5:10  Probe  
  41  5:11  Probe  
  41  5:13  Adept  
  41  5:18  Adept, Probe  
  41  5:19  Probe  
  43  5:28  Probe x2  
  43  5:31  Stalker  
  47  5:37  Stalker  
  47  5:39  Probe  
  47  5:41  Stalker  
  50  5:47  Pylon  
  50  5:53  Probe  
  50  5:56  Stalker  
  53  5:58  Probe  
  53  6:00  Assimilator  
  53  6:01  Stalker  
  53  6:02  Assimilator  
  56  6:05  Stalker  
  56  6:07  Probe  
  56  6:10  Pylon  
  59  6:13  Probe  
  56  6:26  Stalker x2  
  56  6:30  Stalker  
Show
View Real Time Build Order
Export as new Build Order

ShoWTimE Protoss - Winner!

Build Orders: Phoenix Opening, Mass Phoenix 

Get SALT Encoding   

  12  0:00  Probe  
  13  0:12  Probe  
  14  0:17  Pylon  
  14  0:24  Probe  
  15  0:32  Probe  
  15  0:38  Gateway  
  15  0:40  Probe  
  16  0:46  Assimilator  
  17  0:50  Probe  
  17  0:54  Assimilator  
  18  0:58  Probe  
  19  1:06  Probe  
  19  1:11  Gateway  
  20  1:17  Probe  
  20  1:24  Cybernetics Core  
  21  1:29  Probe  
  22  1:36  Pylon  
  22  1:41  Probe  
  23  1:54  Probe  
  18  2:01  Sentry, Stalker, Warp Gate  
  28  2:11  Pylon  
  28  2:29  Stargate  
  28  2:37  Phoenix  
  28  2:40  Nexus  
  28  2:42  Probe  
  28  2:50  Probe  
  28  2:51  Stalker  
  31  2:58  Probe  
  31  3:05  Phoenix  
  32  3:09  Probe  
  35  3:20  Pylon  
  35  3:21  Probe  
  36  3:28  Phoenix  
  36  3:33  Probe  
  39  3:45  Phoenix, Probe  
  40  3:53  Probe  
  43  3:58  Assimilator, Probe  
  43  4:02  Probe  
  44  4:08  Phoenix  
  45  4:10  Probe x2  
  49  4:19  Probe  
  49  4:21  Shield Battery  
  49  4:22  Probe  
  51  4:26  Stargate  
  52  4:31  Probe  
  52  4:35  Stalker  
  54  4:39  Stalker  
  54  4:43  Probe  
  55  4:46  Probe  
  50  4:56  Probe  
  50  4:58  Probe  
  50  5:00  Stalker  
  50  5:04  Stalker  
  50  5:08  Probe  
  50  5:12  Phoenix  
  49  5:17  Probe  
  49  5:21  Probe  
  51  5:27  Phoenix  
  53  5:29  Probe  
  53  5:33  Probe  
  54  5:38  Probe  
  54  5:43  Phoenix  
  54  5:45  Probe  
  54  5:47  Probe  
  57  5:52  Shield Battery  
  57  5:56  Phoenix  
  60  6:03  Pylon, Sentry  
  62  6:07  Pylon  
  62  6:15  Shield Battery  
  62  6:21  Probe x2  
  62  6:22  Stalker  
  68  6:28  Stalker  
Tags
 
Add a new tag
Caveats
  • Supply blocks, unpowered buildings, or Contaminate may cause inaccurate times.
  • Supply counts are checked every 10 seconds.